 Seeded DCSS version 0.29.1-15-g9cfb28693d (webtiles) character file.

Game seed: 6320845443627075161 (custom seed)

105 Psyclone the Magician (level 4, -2/24 HPs)
             Began as a Deep Elf Fire Elementalist on Sept 23, 2023.
             Slain by an orc
             ... wielding a +0 hand axe
              (4 damage)
             ... on level 3 of the Dungeon.
             The game lasted 00:06:00 (2715 turns).

Psyclone the Magician (Deep Elf Fire Elementalist)  Turns: 2715, Time: 00:06:01

Health: -2/24      AC:  3    Str:  5    XL:     4   Next: 54%
Magic:  16/21      EV: 12    Int: 22    God:
Gold:   181        SH:  0    Dex: 15    Spells: 8/12 levels left

rFire   . . .      SeeInvis .   a - +3 short sword
rCold   . . .      Faith    .   (no shield)
rNeg    . . .      Spirit   .   c - +0 robe
rPois   .          Reflect  .   m - +1 hat {Stlth+}
rElec   .          Harm     .   (no cloak)
rCorr   .          Rampage  .   (no gloves)
Will    .....                   (no boots)
Stlth   +++.......              (no amulet)
HPRegen 0.08/turn               n - ring of magical power
MPRegen 0.17/turn               (no ring)

@: no status effects
A: no striking features
a: no special abilities


You were on level 3 of the Dungeon.
You visited 1 branch of the dungeon, and saw 3 of its levels.

You collected 181 gold pieces.

Inventory:

Hand Weapons
 a - a +3 short sword (weapon)
Armour
 c - a +0 robe (worn)
 m - a +1 hat of stealth (worn)
Magical Staves
 h - a staff of air
Jewellery
 n - a ring of magical power (left hand)
Wands
 p - a wand of flame (13)
Scrolls
 g - 2 scrolls of teleportation {unknown}
 i - 2 scrolls of magic mapping {unknown}
 l - 2 scrolls of vulnerability {unknown}
 o - 3 scrolls of identify {unknown}
 r - a scroll of blinking {unknown}
Potions
 b - a potion of magic
 d - 2 potions of curing {unknown}
 e - 2 potions of flight {unknown}
 f - a potion of haste {unknown}
 j - a potion of resistance {unknown}
 k - 2 potions of brilliance {unknown}
 q - 2 potions of might {unknown}


   Skills:
 - Level 2.4 Dodging
 - Level 2.4 Stealth
 - Level 4.5 Spellcasting
 - Level 1.1 Conjurations
 - Level 4.0 Fire Magic
 + Level 3.0 Ice Magic


You had 8 spell levels left.
You knew the following spells:

 Your Spells              Type           Power      Damage    Failure   Level
a - Foxfire               Conj/Fire      64%        2x1d7     3%          1
b - Frozen Ramparts       Ice            36%        1d6       9%          3

Your spell library contained the following spells:

 Spells                   Type           Power      Damage    Failure   Level
 Freeze                   Ice            72%        1d9       3%          1
 Scorch                   Fire           44%        2d7       3%          2
 Ozocubu's Armour         Ice            18%        N/A       9%          3
 Conjure Flame            Conj/Fire      16%        6-21      11%         3
 Inner Flame              Hex/Fire       13%        N/A       14%         3
 Wereblood                Tmut           4%         N/A       16%         2
 Flame Wave               Conj/Fire      16%        2d7       36%         4
 Hailstorm                Conj/Ice       14%        3d5       41%         4
 Ice Form                 Ice/Tmut       11%        N/A       50%         4
 Summon Ice Beast         Ice/Summ       11%        N/A       50%         4
 Metabolic Englaciation   Hex/Ice        5%         N/A       85%         5
 Ozocubu's Refrigeration  Ice            9%         4d9       100%        7


Dungeon Overview and Level Annotations

Branches:
Dungeon (3/15) Zot: 15285

Altars:
Wu Jian

Shops:
D:2 :

Annotations:
D:3 1 exclusion


Message History

Casting: Foxfire (safe; 3% risk of failure)
Confirm with . or Enter, or press ? or * to list all spells.
You conjure some foxfire!
The orc wizard hits you but does no damage.
You now have 18/21 mp.
The foxfire hits the orc wizard.
The orc wizard is almost dead.
The foxfire hits the orc wizard but does no damage.
The orc wizard is almost dead.
The orc wizard hits you but does no damage.
Casting: Foxfire (safe; 3% risk of failure)
Confirm with . or Enter, or press ? or * to list all spells.
You conjure some foxfire!
The orc wizard closely misses you.
The orc wizard hits you with a +0 dagger.
You take 1 damage, and have 13/24 hp.
You now have 17/21 mp.
The foxfire hits the orc wizard.
You kill the orc wizard!
The foxfire hits the orc wizard.
The orc wizard is lightly wounded.
The orc wizard hits you with a +0 dagger.
Your Ice Magic skill increases to level 3!
You take 2 damage, and have 11/24 hp.
Casting: Foxfire (safe; 3% risk of failure)
Confirm with . or Enter, or press ? or * to list all spells.
You conjure some foxfire!
The orc hits you with a +0 hand axe!
* * * LOW HITPOINT WARNING * * *
The orc hits your foxfire with a +0 hand axe.
The orc wizard hits you with a +0 dagger.
* * * LOW HITPOINT WARNING * * *
The foxfire hits the orc.
The orc is moderately wounded.
The foxfire hits the orc.
The orc is heavily wounded.
The orc wizard hits you but does no damage.
The orc barely misses you.
You take 9 damage, and have 2/24 hp.
MASSIVE DAMAGE!!
Casting: Foxfire (safe; 3% risk of failure)
Confirm with . or Enter, or press ? or * to list all spells.
You conjure some foxfire!
The orc hits you with a +0 hand axe.
You die...

.# #.#.# .# ...... #.#.# .#
### ######....# ##.#.# .#
#.# #.. ......# ##....# .#
#.# #.# #....#####.#.#.#
.###.# #.# #....<.....)...#
.....# #.# #...#####.#.#)#
####.###.#####.v.######...##
.(.............o@v.......##
.............!)o##########
######.#######..# #.# #...
#.# ##.# #### #.# #.# #..#
#.# #.# ...###.########.#
##..............#


You could see an orc wizard and an orc (ally target).

Vanquished Creatures
  An orc priest (D:3)
  An orc wizard (D:3)
  2 adders
  2 dart slugs (D:2)
  4 orcs (D:3)
  5 ball pythons
  4 goblins
  A hobgoblin (D:3)
  4 bats
  A frilled lizard (D:3)
  3 kobolds (D:3)
  2 rats
30 creatures vanquished.

Vanquished Creatures (others)
  127 foxfires
  2 fungi (D:3)
129 creatures vanquished.

Grand Total: 159 creatures vanquished

Notes
Turn   | Place    | Note
-------+----------+-------------------------------------------
     0 | D:1      | Psyclone the Deep Elf Fire Elementalist began the quest for
                  | the Orb.
     0 | D:1      | Reached XP level 1. HP: 10/10 MP: 6/6
    98 | D:2      | Identified a scroll of acquirement
    98 | D:2      | Acquired the Codex of Transfiguration and the Winter
   754 | D:2      | Found Weil's Book Boutique.
   760 | D:2      | Reached XP level 2. HP: 15/15 MP: 4/8
   807 | D:2      | Found a faded altar of an unknown god.
  1916 | D:3      | Reached XP level 3. HP: 15/19 MP: 10/10
  2147 | D:3      | Learned a level 3 spell: Frozen Ramparts
  2236 | D:3      | Found an ornate altar of the Wu Jian Council.
  2518 | D:3      | Reached XP level 4. HP: 17/24 MP: 12/12
  2715 | D:3      | Slain by an orc

Illustrated notes

Levels and vault maps discovered:
D:1:      dpeg_arrival_lava_temple_mockup, layout_basic
D:2:      layout_loops_ring, shapermc_ecumenical_altar_starsandcircs,
          serial_shops, nicolae_shop_window_shopping
D:3:      layout_loops_ring, pdpol_wu_jian_five_deadly_venoms, corexii_shack,
          uniq_crazy_yiuf_cottage

Skill      XL: |  1  2  3  4 |
---------------+-------------+-----
Spellcasting   | 4 |  4.5
Fire Magic     | 4 |  4.0
Ice Magic      | 2 3 |  3.0
Dodging        | |  2.4
Stealth        | |  2.4
Conjurations   | |  1.1

Action                   |  1- 3 |  4- 6 || total
-------------------------+-------+-------++-------
Melee: Short sword       |     3 |       ||     3
 Cast: Foxfire           |    64 |    12 ||    76
  Use: Scroll            |     1 |       ||     1
Armor: Robe              |     3 |     3 ||     6
Dodge: Dodged            |     6 |     4 ||    10
